 Dungeon Crawl Stone Soup version 0.21.1-1-g345015fe64 (webtiles) character file.

139 shea9 the Grave Robber (level 5, 0/28 HPs)
             Began as a Deep Elf Necromancer on June 2, 2018.
             Slain by a jackal (1 damage)
             ... on level 3 of the Dungeon.
             The game lasted 00:32:15 (2560 turns).

shea9 the Grave Robber (Deep Elf Necromancer)       Turns: 2560, Time: 00:32:16

Health: 0/28       AC:  2    Str:  5    XL:     5   Next: 1%
Magic:  11/14      EV: 13    Int: 21    God:
Gold:   292        SH:  0    Dex: 15    Spells: 4/13 levels left

rFire    . . .     SeeInvis .   w - +0 long sword
rCold    . . .     Gourm    .   (no shield)
rNeg     . . .     Faith    .   p - +0 robe
rPois    +         Spirit   .   (no helmet)
rElec    .         Reflect  .   (no cloak)
rCorr    .         Harm     .   (no gloves)
MR       .....                  (no boots)
Stlth    ++........             (no amulet)
HPRegen  0.09/turn              j - ring of poison resistance
MPRegen  0.14/turn              (no ring)

@: no status effects
A: no striking features
a: no special abilities


You were on level 3 of the Dungeon.
You were not hungry.

You visited 1 branch of the dungeon, and saw 4 of its levels.

You collected 292 gold pieces.

Inventory:

Hand Weapons
 f - a +0 short sword
 w - a +0 long sword (weapon)
 y - a +0 quarterstaff
Missiles
 e - 87 stones (quivered)
 i - 12 bolts
 r - 4 poisoned needles
Armour
 p - a +0 robe (worn)
 s - a +0 shield
Jewellery
 j - a ring of poison resistance (left hand)
Scrolls
 a - a scroll of random uselessness {unknown}
 d - a scroll of remove curse {unknown}
 g - 3 scrolls of amnesia {unknown}
 h - a scroll of teleportation {unknown}
 k - a scroll of immolation {unknown}
 o - a scroll of magic mapping
 u - 2 scrolls of enchant weapon {unknown}
 v - 3 scrolls of blinking {unknown}
Potions
 c - 2 potions of curing {unknown}
 l - a potion of lignification {unknown}
 n - a potion of brilliance {unknown}
Books
 b - a book of Necromancy

   Spells                             Type                      Level
   a - Pain                           Necromancy                   1
   b - Animate Skeleton               Necromancy                   1
   c - Vampiric Draining              Necromancy                   3
   d - Regeneration                   Charms/Necromancy            3
   e - Animate Dead                   Necromancy                   4
   f - Borgnjor's Vile Clutch         Necromancy/Earth             5


   Skills:
 + Level 0.1 Fighting
 + Level 0.8 Short Blades
 + Level 0.3 Throwing
 + Level 2.6 Dodging
 + Level 2.5 Stealth
 + Level 4.8 Spellcasting
 + Level 6.3 Necromancy


You had 4 spell levels left.
You knew the following spells:

 Your Spells              Type           Power        Failure   Level  Hunger
a - Pain                  Necr           ####         1%          1    None
b - Animate Skeleton      Necr           N/A          1%          1    None
c - Vampiric Draining     Necr           ####......   2%          3    ##.....
d - Animate Dead          Necr           N/A          8%          4    ####...


Dungeon Overview and Level Annotations

Branches:
Dungeon (4/15)
 Temple: D:4-7

Altars:
Elyvilon
Fedhas
Zin
The Shining One
Beogh

Annotations:
D:3 Grinder


Message History

The jackal bites you but does no damage.
Grinder gestures at you. Pain shoots through your body! The adder bites you.
* * * LOW HITPOINT WARNING * * *
The jackal closely misses you.
You climb upwards.
There is a stone staircase leading down here.
As you read the scroll labeled LUFAUPHION, it crumbles to dust.
It is a scroll of identify.
o - a scroll of magic mapping The adder closely misses you.
You riposte.
You closely miss the adder.
The adder is heavily wounded.
The jackal bites you.
* * * LOW HITPOINT WARNING * * *
As you read the scroll labeled IRUS JEL TADGHE, it crumbles to dust.
You hear a loud clanging noise!
It was a scroll of noise.
The adder bites you.
* * * LOW HITPOINT WARNING * * *
The jackal bites you.
You die...

####..###.⌠.⌠.....
#.....###.........
#........'........
#.#...####........
#.##.## ##.......
#.#### ##.....#
#.# ##...## #h#
##+## #@# #.# #S#
#.#
#5############.##
#..........##...##
#..#.....#.#.....#
#..#..............
#........#.###..##
##.#.....#.# #..#
#.#######.# #..#


You could see Grinder, an adder and a jackal.

Vanquished Creatures
  An orc priest (D:3)
  An iguana (D:2)
  3 adders
  2 oozes
  3 worms
  3 leopard geckos
  3 orcs (D:3)
  A hobgoblin (D:2)
  A jackal (D:2)
  3 kobolds
  8 bats
  2 frilled lizards (D:2)
  6 goblins
  A rat (D:2)
38 creatures vanquished.

Vanquished Creatures (collateral kills)
  A rat (D:1)
1 creature vanquished.

Grand Total: 39 creatures vanquished

Notes
Turn   | Place    | Note
-------+----------+-------------------------------------------
     0 | D:1      | shea9 the Deep Elf Necromancer began the quest for the Orb.
     0 | D:1      | Reached XP level 1. HP: 10/10 MP: 6/6
     2 | D:1      | Learned a level 1 spell: Animate Skeleton
    16 | D:1      | Reached skill level 5 in Necromancy
   314 | D:1      | Reached XP level 2. HP: 6/15 MP: 8/8
   739 | D:2      | Reached XP level 3. HP: 4/19 MP: 6/10
   837 | D:2      | Learned a level 3 spell: Vampiric Draining
  1025 | D:2      | Reached XP level 4. HP: 14/24 MP: 7/12
  1067 | D:2      | Learned a level 4 spell: Animate Dead
  1373 | D:3      | Found a roughly hewn altar of Beogh.
  1382 | D:3      | Reached skill level 6 in Necromancy
  1828 | D:3      | Found a white marble altar of Elyvilon.
  1830 | D:3      | Found a glowing golden altar of the Shining One.
  1833 | D:3      | Found a glowing silver altar of Zin.
  2002 | D:3      | Found a blossoming altar of Fedhas.
  2494 | D:4      | Noticed Grinder
  2500 | D:4      | Reached XP level 5. HP: 24/28 MP: 9/14
  2558 | D:4      | Noticed a phantom
  2560 | D:3      | HP: 1/28 [adder (4)]
  2560 | D:3      | Slain by a jackal

Skill      XL: |  1  2  3  4 |
---------------+-------------+-----
Necromancy     | 5 6 |  6.3
Spellcasting   | 4 |  4.8
Fighting       | |  0.1
Short Blades   | |  0.8
Throwing       | |  0.3
Dodging        | |  2.6
Stealth        | |  2.5

Action                   |  1- 3 |  4- 6 || total
-------------------------+-------+-------++-------
Melee: Unarmed           |     4 |       ||     4
       Short sword       |    11 |       ||    11
       Long sword        |       |     7 ||     7
Throw: Stone             |    10 |     6 ||    16
 Cast: Pain              |    32 |    39 ||    71
       Animate Skeleton  |     2 |       ||     2
       Vampiric Draining |     2 |     1 ||     3
       Animate Dead      |       |     2 ||     2
  Use: Potion            |     1 |       ||     1
       Scroll            |       |     2 ||     2
  Eat: Ration            |     1 |     1 ||     2
Armor: Robe              |     6 |     2 ||     8
Dodge: Dodged            |    17 |    16 ||    33
       Rpst.: Long sword |       |     3 ||     3
